 Dungeon Crawl Stone Soup version 0.16-a0-4113-g7d8e295 (webtiles) character file.

335 toofou the Slasher (level 6, -1/56 HPs)
             Began as a Minotaur Berserker on Feb 28, 2015.
             Was a Priest of Trog.
             Slain by an ogre
             ... wielding a +0 giant spiked club
              (14 damage)
             ... on level 4 of the Dungeon.
             The game lasted 00:07:34 (2222 turns).

toofou the Slasher (Minotaur Berserker)             Turns: 2222, Time: 00:07:34

Health: -1/56      AC:  9    Str: 23    XL:     6   Next: 28%
Magic:  3/3        EV:  6    Int:  4    God:    Trog [***...]
Gold:   110        SH:  8    Dex: 10    Spells: 0 memorised, 5 levels left

rFire  . . .     SeeInvis +     a - +0 falchion
rCold  . . .     Clarity  .     e - +0 chain mail
rNeg   + . .     SustAb   .     v - +0 shield
rPois  .         Gourm    .     (helmet restricted)
rElec  .         Spirit   .     (no cloak)
rCorr  .         Warding  +     (no gloves)
rMut   .         Stasis   .     (no boots)
MR     .....                    i - amulet of warding
Stlth  ..........               (no ring)
                                l - ring of see invisible

@: not resistant to hostile enchantments, extremely unstealthy
A: retaliatory headbutt, horns 2
a: Burn Spellbooks, Berserk, Trog's Hand, Renounce Religion


You were on level 4 of the Dungeon.
You worshipped Trog.
Trog was most pleased with you.
You were not hungry.

You visited 1 branch of the dungeon, and saw 4 of its levels.

You collected 110 gold pieces.

Inventory:

Hand weapons
 a - a +0 falchion (weapon)
Armour
 b - a +0 animal skin
 e - a +0 chain mail (worn)
 v - a +0 shield (worn)
Jewellery
 d - an uncursed amulet of rage
 i - an amulet of warding (around neck)
 l - a ring of see invisible (left hand)
 m - an uncursed amulet of clarity {unknown}
Magical devices
 q - a wand of digging (15)
 y - a wand of paralysis (10)
Scrolls
 g - 2 scrolls of enchant weapon {unknown}
 h - a scroll of teleportation {unknown}
 j - 2 scrolls of remove curse {unknown}
 k - a scroll of enchant armour {unknown}
 o - a scroll of noise {unknown}
 p - a scroll of fear {unknown}
 s - a scroll of blinking {unknown}
 w - a scroll of identify {unknown}
 x - a scroll of random uselessness {unknown}
 B - a scroll of recharging {unknown}
Potions
 t - a potion of experience {unknown}
 u - a potion of poison {unknown}
 z - a potion of agility {unknown}
 A - a potion of might {unknown}
Comestibles
 c - 3 bread rations
 f - a royal jelly
 n - a slice of pizza
 r - 3 meat rations


   Skills:
 + Level 5.4 Fighting
 + Level 5.5 Long Blades
 + Level 4.7 Armour
 + Level 3.0 Dodging
 + Level 0.3 Stealth
 + Level 1.0 Shields


You had 5 spell levels left.
You didn't know any spells.

Dungeon Overview and Level Annotations

Branches:
Dungeon (4/15)
 Temple: D:4-7

Altars:


Innate Abilities, Weirdness & Mutations

You reflexively headbutt those who attack you in melee.
You have a pair of horns on your head.


Message History

* * * LOW HITPOINT WARNING * * *
You hit Purgy.
Purgy is severely wounded.
Purgy barely misses you. You furiously retaliate!
You headbutt Purgy! You block Purgy's attack.
Purgy claws you but does no damage.
You hit Purgy.
You kill Purgy!
Trog accepts your kill.
Your Dodging skill increases to level 3!
Your Shields skill increases to level 1!
You have reached level 6!
Your experience leads to an increase in your attributes!
Increase (S)trength, (I)ntelligence, or (D)exterity?
You feel stronger.
You hit the ogre. You headbutt the ogre.
The ogre is moderately wounded.
You hit the ogre.
The ogre is heavily wounded.
The ogre hits you with a giant spiked club!
You die...

#....#.....
#...........
##..Z.........
..r...........
#............
#............
#..<......l..
#..##O#######
#.. #@.#
#.....##
........#
........#
........#
##..#### #$.
##


You could see an ogre.

Vanquished Creatures
  Purgy (D:4)
  A centaur skeleton (D:4)
  An orc wizard (D:4)
  2 worker ants (D:4)
  Ijyb (D:3)
  Jessica (D:2)
  2 adders (D:2)
  A giant mite (D:2)
  A gnoll (D:1)
  A worm (D:3)
  An ooze (D:1)
  3 orcs
  7 bats
  3 giant cockroaches
  10 goblins
  5 hobgoblins
  5 kobolds
  A quokka (D:2)
  2 ball pythons (D:3)
  5 giant geckos
  8 giant newts
  3 jackals (D:3)
  6 rats
71 creatures vanquished.

Notes
Turn   | Place    | Note
--------------------------------------------------------------
     0 | D:1      | toofou, the Minotaur Berserker, began the quest for the Orb.
     0 | D:1      | Reached XP level 1. HP: 19/19 MP: 1/1
   178 | D:1      | Reached skill level 4 in Long Blades
   178 | D:1      | Reached XP level 2. HP: 20/27 MP: 1/1
   937 | D:2      | Reached XP level 3. HP: 33/33 MP: 2/2
  1012 | D:2      | Acquired Trog's second power
  1226 | D:2      | Noticed Jessica
  1231 | D:2      | Killed Jessica
  1231 | D:2      | Reached XP level 4. HP: 39/41 MP: 2/2
  2103 | D:3      | Noticed Ijyb
  2114 | D:3      | Paralysed by Ijyb for 4 turns
  2121 | D:3      | Killed Ijyb
  2121 | D:3      | Reached skill level 5 in Long Blades
  2124 | D:3      | Reached XP level 5. HP: 41/47 MP: 2/2
  2182 | D:4      | Noticed an ogre
  2184 | D:4      | Noticed Purgy
  2186 | D:4      | Reached skill level 5 in Fighting
  2220 | D:4      | Killed Purgy
  2220 | D:4      | Reached skill level 1 in Shields
  2220 | D:4      | Reached XP level 6. HP: 12/56 MP: 3/3
  2222 | D:4      | Slain by an ogre

Action                   |  1- 3 |  4- 6 || total
-------------------------+-------+-------++-------
Melee: Falchion          |    48 |   110 ||   158
  Eat: Bread ration      |       |     1 ||     1
